[Event "ONJK-C 2019"]
[Site "Borne"]
[Date "2019.08.06"]
[Round "2.14"]
[White "Wiggers, Finn"]
[Black "Buijnsters, Floris"]
[Result "1/2-1/2"]
[ECO "B01"]
[WhiteElo "1354"]
[BlackElo "1268"]
[Annotator "NA"]
[PlyCount "121"]
[EventDate "2019.08.05"]
[EventType "swiss"]
[EventCountry "NED"]
[SourceTitle "playchess.com"]
[Source "ChessBase"]
[SourceQuality "1"]
[TimeControl "5400+30"]

1. e4 c6 2. d4 d5 3. Nc3 dxe4 4. Nxe4 Bf5 5. Nc3 Nf6 6. Nf3 e6 7. Bd3 Bxd3 8. Qxd3 Bd6 9. O-O O-O 10. Re1 Nbd7 11. Bd2 Qc7 12. Ne4 Nxe4 13. Rxe4 Nf6 14. Rh4 Rad8 15. Bg5 h6 16. Bxf6 gxf6 17. Rxh6 f5 18. Ng5 Bf4 19. Rh5 Kg7 20. Qh3 Bxg5 21. Rxg5+ Kf6 22. Qh4 Ke7 23. Rg8+ Ke8 24. Rxf8+ Kxf8 25. Rd1 Qb6 26. b3 c5 27. c3 Ke8 28. Qh8+ Ke7 29. Qe5 Qa5 30. Rd3 Qxa2 31. Qxc5+ Kf6 32. Qe5+ Ke7 33. Qc7+ Rd7 34. Qc5+ Kf6 35. Qe5+ Ke7 36. Qe1 Qxb3 37. h3 a5 38. Kh2 a4 39. Qa1 b5 40. Rd1 b4 41. Rb1 Qxc3 42. Qxa4 Rxd4 43. Qb5 Kf6 44. Qe8 b3 45. Qh8+ Ke7 46. Rxb3 Qc7+ 47. g3 Rd1 48. Qh4+ Ke8 49. Qa4+ Ke7 50. Rb7 Qxb7 51. Qxd1 Qb2 52. Kg2 Qb7+ 53. Qf3 Qxf3+ 54. Kxf3 Kf6 55. Kf4 e5+ 56. Ke3 Kg6 57. f4 f6 58. g4 fxg4 59. hxg4 exf4+ 60. Kxf4 Kg7 61. Ke4 1/2-1/2

[Event "ONJK-C 2019"]
[Site "Borne"]
[Date "2019.08.06"]
[Round "3.1"]
[White "Klugstedt, Vincent"]
[Black "De Heij, Mees"]
[Result "1-0"]
[ECO "D13"]
[WhiteElo "1850"]
[BlackElo "1617"]
[Annotator "NA"]
[PlyCount "145"]
[EventDate "2019.08.05"]
[EventType "swiss"]
[EventCountry "NED"]
[SourceTitle "playchess.com"]
[Source "ChessBase"]
[SourceQuality "1"]
[TimeControl "5400+30"]

1. d4 d5 2. c4 c6 3. Nc3 Nf6 4. cxd5 cxd5 5. Nf3 Nc6 6. Bf4 Qb6 7. Qb3 Qxb3 8. axb3 a6 9. e3 Bf5 10. Be2 e6 11. O-O Be7 12. Ne5 Nxe5 13. Bxe5 O-O 14. Rfc1 Rac8 15. Na4 Ne4 16. Nb6 Rxc1+ 17. Rxc1 Nd2 18. Rc7 Bb4 19. Rxb7 a5 20. Bd1 Bb1 21. Rc7 Ba2 22. Nd7 Rd8 23. Nc5 Bxc5 24. dxc5 Bxb3 25. Bc3 Bxd1 26. Bxd2 Be2 27. Bxa5 Ra8 28. b4 g6 29. f3 Kg7 30. Kf2 Bb5 31. Rb7 Be8 32. Bc7 Rc8 33. Be5+ Kh6 34. Bd6 Kg5 35. b5 Kf6 36. f4 g5 37. g3 g4 38. c6 Bxc6 39. Be5+ Kg6 40. bxc6 Rxc6 41. Rb2 Kf5 42. h3 gxh3 43. Kf3 h5 44. Rh2 f6 45. Bb8 Rc8 46. Ba7 e5 47. Rxh3 e4+ 48. Ke2 Kg6 49. Kd2 Ra8 50. Bd4 Ra3 51. Rh4 f5 52. Rh1 Ra2+ 53. Kc3 Rg2 54. Ra1 Rxg3 55. Ra6+ Kf7 56. Rf6+ Ke7 57. Rxf5 h4 58. Rxd5 Rh3 59. Bc5+ Ke6 60. Kd4 Rh1 61. Kxe4 h3 62. Re5+ Kd7 63. Kf3 Rg1 64. Rh5 Rh1 65. Kg3 Ke6 66. Rxh3 Rg1+ 67. Kf3 Rf1+ 68. Ke4 Rc1 69. Rh6+ Kd7 70. Bd4 Rb1 71. Kd5 Rb5+ 72. Bc5 Ra5 73. e4 1-0

[Event "ONJK-C 2019"]
[Site "Borne"]
[Date "2019.08.06"]
[Round "3.2"]
[White "De Rycke, Tyani"]
[Black "Ang, Rufus"]
[Result "1-0"]
[ECO "C42"]
[WhiteElo "1787"]
[BlackElo "1498"]
[Annotator "NA"]
[PlyCount "67"]
[EventDate "2019.08.05"]
[EventType "swiss"]
[EventCountry "NED"]
[SourceTitle "playchess.com"]
[Source "ChessBase"]
[SourceQuality "1"]
[TimeControl "5400+30"]

1. e4 e5 2. Nf3 Nf6 3. Nxe5 d6 4. Nf3 Nxe4 5. Qe2 Qe7 6. d3 Nf6 7. Bg5 Nbd7 8. Nc3 b6 9. Nb5 Kd8 10. O-O-O a6 11. Nbd4 Bb7 12. Qd2 c5 13. Re1 Ne5 14. Nxe5 dxe5 15. Nf3 Bxf3 16. gxf3 Qe6 17. Kb1 a5 18. f4 Qd5 19. Rg1 Bd6 20. fxe5 Bxe5 21. Bg2 Qd4 22. c3 Qd6 23. Bxa8 Bxh2 24. Rh1 Be5 25. f4 Bxf4 26. Bxf4 Qd7 27. Bg5 Qd6 28. Rhf1 h5 29. d4 cxd4 30. Qxd4 Qxd4 31. cxd4 h4 32. Bxf6+ gxf6 33. Rxf6 Rh7 34. Rxb6 1-0

[Event "ONJK-C 2019"]
[Site "Borne"]
[Date "2019.08.06"]
[Round "3.3"]
[White "Boeren, Jurriaan"]
[Black "Goudriaan, Rafael"]
[Result "1-0"]
[ECO "C50"]
[WhiteElo "1522"]
[BlackElo "1719"]
[Annotator "NA"]
[PlyCount "103"]
[EventDate "2019.08.05"]
[EventType "swiss"]
[EventCountry "NED"]
[SourceTitle "playchess.com"]
[Source "ChessBase"]
[SourceQuality "1"]
[TimeControl "5400+30"]

1. e4 e5 2. Nf3 Nc6 3. Bc4 Bc5 4. d3 Nf6 5. Be3 Bb6 6. Nbd2 d6 7. h3 Be6 8. Bb3 Qd7 9. c3 O-O 10. Bxe6 fxe6 11. O-O d5 12. Bxb6 axb6 13. Re1 d4 14. cxd4 exd4 15. Qb3 Kh8 16. Nc4 Qe7 17. a3 e5 18. Rf1 Nh5 19. Nh2 Nf4 20. Nd2 Qg5 21. Ng4 Nxh3+ 22. gxh3 Qxd2 23. Kh1 Rf3 24. Rad1 Qf4 25. Kg2 Rf8 26. Qc2 h5 27. Nh2 Qg5+ 28. Kh1 Rxh3 29. Rg1 Qh4 30. Rg2 Rf6 31. Rdg1 Qf4 32. Qd1 Ne7 33. Rg3 Rh4 34. R1g2 Rc6 35. Rg1 Qxf2 36. R3g2 Qe3 37. Qa4 Qh3 38. Qa8+ Nc8 39. Qxb7 Rc5 40. b4 Rc3 41. Qd5 Rg4 42. Qd8+ Kh7 43. Qxc8 Qxg2+ 44. Rxg2 Rc1+ 45. Nf1 Rxf1+ 46. Kh2 Rh4+ 47. Kg3 Rg4+ 48. Kh3 Rh1+ 49. Rh2 Rhg1 50. Qf5+ Kh8 51. Qxh5+ Kg8 52. Qxg4 1-0

[Event "ONJK-C 2019"]
[Site "Borne"]
[Date "2019.08.06"]
[Round "3.4"]
[White "Malfliet, Alexander"]
[Black "De Vries, Fabian"]
[Result "1-0"]
[ECO "B76"]
[WhiteElo "1491"]
[BlackElo "1704"]
[Annotator "NA"]
[PlyCount "53"]
[EventDate "2019.08.05"]
[EventType "swiss"]
[EventCountry "NED"]
[SourceTitle "playchess.com"]
[Source "ChessBase"]
[SourceQuality "1"]
[TimeControl "5400+30"]

1. e4 c5 2. Nf3 d6 3. d4 cxd4 4. Nxd4 Nf6 5. Nc3 g6 6. Be3 Bg7 7. f3 O-O 8. Qd2 a6 9. g4 b5 10. h4 Bb7 11. h5 d5 12. hxg6 fxg6 13. Ne6 Qd6 14. Nxf8 Kxf8 15. O-O-O dxe4 16. Qf2 Qe6 17. Rd8+ Ne8 18. fxe4+ Qf7 19. Qh2 Bxc3 20. bxc3 Nc6 21. Rxa8 Bxa8 22. Bd3 Kg8 23. Rf1 Qxa2 24. Bh6 Ng7 25. Qf4 Ne6 26. Qf8+ Nxf8 27. Rxf8# 1-0

[Event "ONJK-C 2019"]
[Site "Borne"]
[Date "2019.08.06"]
[Round "3.5"]
[White "Smeets, Kobe"]
[Black "De Jong, Mats"]
[Result "0-1"]
[ECO "C77"]
[WhiteElo "1666"]
[BlackElo "1356"]
[Annotator "NA"]
[PlyCount "86"]
[EventDate "2019.08.05"]
[EventType "swiss"]
[EventCountry "NED"]
[SourceTitle "playchess.com"]
[Source "ChessBase"]
[SourceQuality "1"]
[TimeControl "5400+30"]

1. e4 e5 2. Nf3 Nc6 3. Bb5 a6 4. Ba4 b5 5. Bb3 Nf6 6. O-O Bc5 7. d3 O-O 8. c3 d5 9. exd5 Nxd5 10. Re1 Re8 11. d4 Bb6 12. dxe5 Be6 13. Bg5 Qd7 14. Nbd2 h6 15. Bh4 Nf4 16. Ne4 Ng6 17. Qxd7 Bxd7 18. Bg3 Ncxe5 19. Nxe5 Nxe5 20. Rad1 Bf5 21. Bd5 Rad8 22. Ng5 hxg5 23. Rxe5 Rxe5 24. Bxe5 Be6 25. Bb3 Rxd1+ 26. Bxd1 Bxa2 27. b3 f6 28. Bg3 a5 29. Bc2 c5 30. Bd6 c4 31. bxc4 Bxc4 32. Bg6 Bf7 33. Be4 g6 34. g4 Kg7 35. Bc6 Bc4 36. Be8 a4 37. Ba3 Ba5 38. Bb2 a3 39. Ba1 Bc7 40. Bc6 Bd3 41. Kg2 Bf4 42. c4 bxc4 43. Ba4 Bc1 0-1

[Event "ONJK-C 2019"]
[Site "Borne"]
[Date "2019.08.06"]
[Round "3.6"]
[White "Tiggelman, Vincent"]
[Black "Knol, Daniel"]
[Result "1-0"]
[ECO "B53"]
[WhiteElo "1358"]
[BlackElo "1662"]
[Annotator "NA"]
[PlyCount "99"]
[EventDate "2019.08.05"]
[EventType "swiss"]
[EventCountry "NED"]
[SourceTitle "playchess.com"]
[Source "ChessBase"]
[SourceQuality "1"]
[TimeControl "5400+30"]

1. e4 c5 2. Nf3 d6 3. Nc3 Nf6 4. d4 cxd4 5. Qxd4 Bd7 6. e5 Nc6 7. Qf4 dxe5 8. Nxe5 Nxe5 9. Qxe5 g6 10. Ne4 Qb6 11. Be3 Qb4+ 12. Nc3 Rc8 13. O-O-O Qg4 14. Bb5 Rg8 15. Rd4 Qf5 16. Qxf5 gxf5 17. Bxd7+ Nxd7 18. Rhd1 Nf6 19. Nb5 e5 20. Nd6+ Bxd6 21. Rxd6 Ke7 22. g3 b6 23. h4 Rcd8 24. Rxd8 Rxd8 25. Bg5 Rxd1+ 26. Kxd1 Ke6 27. Bxf6 Kxf6 28. Ke2 e4 29. Ke3 Ke5 30. a4 a6 31. c3 b5 32. axb5 axb5 33. b3 h5 34. c4 b4 35. c5 Kd5 36. Kf4 Kxc5 37. Ke5 f6+ 38. Kxf5 Kd4 39. g4 hxg4 40. Kxg4 Ke5 41. h5 f5+ 42. Kg5 f4 43. h6 e3 44. fxe3 fxe3 45. h7 Ke4 46. h8=Q Kd3 47. Qd8+ Kc3 48. Qd5 e2 49. Qc4+ Kd2 50. Qxb4+ 1-0

[Event "ONJK-C 2019"]
[Site "Borne"]
[Date "2019.08.06"]
[Round "3.7"]
[White "Alvares, Thomas"]
[Black "Kumar, Prajit Sai"]
[Result "0-1"]
[ECO "B70"]
[WhiteElo "1408"]
[BlackElo "1574"]
[Annotator "NA"]
[PlyCount "83"]
[EventDate "2019.08.05"]
[EventType "swiss"]
[EventCountry "NED"]
[SourceTitle "playchess.com"]
[Source "ChessBase"]
[SourceQuality "1"]
[TimeControl "5400+30"]

1. e4 c5 2. Nf3 d6 3. d4 cxd4 4. Nxd4 Nf6 5. Nc3 g6 6. Bc4 Bg7 7. O-O O-O 8. Qe2 Nbd7 9. Rd1 a6 10. a3 Qc7 11. h3 Nc5 12. Ba2 e5 13. Nf3 Be6 14. Bxe6 Nxe6 15. Be3 Rac8 16. Qd2 Rfd8 17. Rac1 Qc4 18. Bb6 Rd7 19. Qe3 Nc5 20. Nd2 Qe6 21. b4 d5 22. exd5 Qxb6 23. bxc5 Qxc5 24. Qxc5 Rxc5 25. Na4 Rcxd5 26. Nb6 Rxd2 27. Nxd7 Rxd7 28. Rxd7 Nxd7 29. Rd1 Nc5 30. Rd8+ Bf8 31. Rd5 f6 32. Kf1 Kf7 33. Ke2 Be7 34. f3 Ke6 35. c4 b5 36. Rd1 bxc4 37. Rb1 Nb3 38. a4 Kd5 39. Rd1+ Nd4+ 40. Ke3 c3 41. Kd3 c2 42. Ra1 0-1

[Event "ONJK-C 2019"]
[Site "Borne"]
[Date "2019.08.06"]
[Round "3.8"]
[White "Yannopapas, Leontios"]
[Black "Nielsen, Philip"]
[Result "1-0"]
[ECO "D00"]
[WhiteElo "1329"]
[BlackElo "1797"]
[Annotator "NA"]
[PlyCount "53"]
[EventDate "2019.08.05"]
[EventType "swiss"]
[EventCountry "NED"]
[SourceTitle "playchess.com"]
[Source "ChessBase"]
[SourceQuality "1"]
[TimeControl "5400+30"]

1. d4 d5 2. Nc3 Bf5 3. Bf4 e6 4. f3 a6 5. a3 Nf6 6. g4 Bg6 7. h4 h6 8. e3 Bd6 9. Nh3 Qe7 10. Bd3 Bxd3 11. Qxd3 Nxg4 12. fxg4 Qxh4+ 13. Nf2 Qe7 14. Bxd6 Qxd6 15. O-O-O Nd7 16. e4 dxe4 17. Ncxe4 Qe7 18. Rhe1 O-O-O 19. Qb3 h5 20. d5 hxg4 21. d6 Qf8 22. dxc7 Kxc7 23. Qg3+ Kc8 24. Nd6+ Kb8 25. Nxf7+ Ka8 26. Nxd8 Qxd8 27. Qxg4 1-0

[Event "ONJK-C 2019"]
[Site "Borne"]
[Date "2019.08.06"]
[Round "3.9"]
[White "Neisingh, Nils"]
[Black "Debunne, Lasse"]
[Result "1-0"]
[ECO "C90"]
[WhiteElo "1710"]
[BlackElo "1314"]
[Annotator "NA"]
[PlyCount "69"]
[EventDate "2019.08.05"]
[EventType "swiss"]
[EventCountry "NED"]
[SourceTitle "playchess.com"]
[Source "ChessBase"]
[SourceQuality "1"]
[TimeControl "5400+30"]

1. e4 e5 2. Nf3 Nc6 3. Bb5 a6 4. Ba4 Nf6 5. O-O b5 6. Bb3 Be7 7. Re1 O-O 8. c3 d6 9. d3 Bb7 10. Nbd2 Qd7 11. Nf1 Rad8 12. Ng3 a5 13. Bc2 Rfe8 14. Bg5 h6 15. Bd2 Na7 16. Nf5 d5 17. Nxe5 Qe6 18. Nxe7+ Rxe7 19. exd5 Qxd5 20. Nf3 Rxe1+ 21. Qxe1 g5 22. Qe7 Qd6 23. Qxd6 Rxd6 24. Nd4 Bc8 25. Be3 Ng4 26. Re1 c5 27. Nb3 Nxe3 28. Rxe3 c4 29. Nd4 cxd3 30. Bxd3 f5 31. h3 f4 32. Re7 Rd7 33. Re5 Ba6 34. Re6 Bc8 35. Rxh6 1-0

[Event "ONJK-C 2019"]
[Site "Borne"]
[Date "2019.08.06"]
[Round "3.10"]
[White "Dhaenens, Leon"]
[Black "De Putter, Sven"]
[Result "1-0"]
[ECO "A20"]
[WhiteElo "1583"]
[BlackElo "1319"]
[Annotator "NA"]
[PlyCount "21"]
[EventDate "2019.08.05"]
[EventType "swiss"]
[EventCountry "NED"]
[SourceTitle "playchess.com"]
[Source "ChessBase"]
[SourceQuality "1"]
[TimeControl "5400+30"]

1. c4 e5 2. g3 Nf6 3. Bg2 d5 4. cxd5 Nxd5 5. Nf3 Nc6 6. O-O Be6 7. d4 Bd6 8. e4 Bg4 9. exd5 Nxd4 10. Be3 Nf5 11. Qa4+ 1-0

[Event "ONJK-C 2019"]
[Site "Borne"]
[Date "2019.08.06"]
[Round "3.11"]
[White "Van der Veen, Tjado"]
[Black "De Rooij, Kevin"]
[Result "0-1"]
[ECO "B44"]
[WhiteElo "1282"]
[BlackElo "1480"]
[Annotator "NA"]
[PlyCount "100"]
[EventDate "2019.08.05"]
[EventType "swiss"]
[EventCountry "NED"]
[SourceTitle "playchess.com"]
[Source "ChessBase"]
[SourceQuality "1"]
[TimeControl "5400+30"]

1. e4 c5 2. Nf3 e6 3. d4 cxd4 4. Nxd4 Nc6 5. c3 Nf6 6. Bg5 Be7 7. Nd2 d5 8. exd5 Nxd5 9. Bxe7 Ndxe7 10. N2f3 O-O 11. Bd3 h6 12. Bc2 Qb6 13. Bb3 Rd8 14. Qc2 Bd7 15. O-O-O Rac8 16. Qe4 Nxd4 17. Nxd4 Bc6 18. Nxc6 Qxc6 19. Qxc6 Nxc6 20. f4 Na5 21. Bc2 Nc4 22. Rhe1 Rxd1+ 23. Bxd1 Rd8 24. Bf3 b6 25. h4 Kf8 26. b3 Nd6 27. Rd1 Ke7 28. g4 Rc8 29. c4 b5 30. Kb2 bxc4 31. bxc4 Rxc4 32. Rc1 Rxf4 33. Rc3 Rc4 34. Rb3 Rc5 35. a3 Nc4+ 36. Ka2 Rc7 37. Rc3 Kd7 38. Be2 Ne5 39. Rxc7+ Kxc7 40. a4 Kd6 41. Kb3 Kc5 42. Kc3 f5 43. gxf5 exf5 44. h5 f4 45. Kd2 Kd4 46. Bd1 a5 47. Ke1 Ke3 48. Be2 f3 49. Bb5 Ng4 50. Ba6 Nf6 0-1

[Event "ONJK-C 2019"]
[Site "Borne"]
[Date "2019.08.06"]
[Round "3.12"]
[White "Den Heijer, Rolinde"]
[Black "Molanus, Eva"]
[Result "1-0"]
[ECO "B76"]
[WhiteElo "1471"]
[BlackElo "1281"]
[Annotator "NA"]
[PlyCount "71"]
[EventDate "2019.08.05"]
[EventType "swiss"]
[EventCountry "NED"]
[SourceTitle "playchess.com"]
[Source "ChessBase"]
[SourceQuality "1"]
[TimeControl "5400+30"]

1. e4 c5 2. Nf3 d6 3. d4 cxd4 4. Nxd4 Nf6 5. Nc3 g6 6. Be3 Bg7 7. f3 Nc6 8. Qd2 O-O 9. O-O-O Bd7 10. Bh6 Rc8 11. h4 Qb6 12. Nb3 Ne5 13. Bxg7 Kxg7 14. Be2 h5 15. Kb1 Rfd8 16. Nd5 Nxd5 17. exd5 Bf5 18. Nd4 Nc4 19. Nxf5+ gxf5 20. Bxc4 Rxc4 21. Qg5+ Kf8 22. Qxh5 e5 23. Qxf5 Rdc8 24. Rd2 Qe3 25. Rhd1 R8c7 26. Qf6 Qc5 27. Rc1 Qe3 28. Rcd1 Qc5 29. c3 Qb6 30. h5 Rxc3 31. h6 Rc1+ 32. Rxc1 Rxc1+ 33. Kxc1 Qg1+ 34. Rd1 Qe3+ 35. Kb1 Qe2 36. Qd8# 1-0

[Event "ONJK-C 2019"]
[Site "Borne"]
[Date "2019.08.06"]
[Round "3.13"]
[White "Buijnsters, Floris"]
[Black "Wierenga, Jael"]
[Result "0-1"]
[ECO "C02"]
[WhiteElo "1268"]
[BlackElo "1469"]
[Annotator "NA"]
[PlyCount "76"]
[EventDate "2019.08.05"]
[EventType "swiss"]
[EventCountry "NED"]
[SourceTitle "playchess.com"]
[Source "ChessBase"]
[SourceQuality "1"]
[TimeControl "5400+30"]

1. e4 e6 2. d4 d5 3. e5 c5 4. c3 Nc6 5. Nf3 Bd7 6. Nbd2 f6 7. Qe2 Qb6 8. a3 cxd4 9. cxd4 Nxd4 10. Nxd4 Qxd4 11. Nf3 Qb6 12. Be3 Bc5 13. Bxc5 Qxc5 14. Qd2 fxe5 15. Nxe5 Nf6 16. Nxd7 Nxd7 17. Rc1 Qd6 18. Qg5 O-O 19. Bd3 Qb6 20. O-O Nf6 21. Rc2 Rf7 22. Rfc1 Raf8 23. Rf1 Qd6 24. Qh4 e5 25. f3 g6 26. Re2 Kg7 27. Qg3 Re8 28. Rfe1 Rfe7 29. Qg5 a6 30. b4 b5 31. g4 d4 32. h4 Nd5 33. h5 Nf4 34. Rh2 Nxd3 35. Re4 Rf7 36. hxg6 Qxg6 37. Qd2 Rxf3 38. Qe2 Ref8 0-1

[Event "ONJK-C 2019"]
[Site "Borne"]
[Date "2019.08.06"]
[Round "3.14"]
[White "Van Doren, Frodo"]
[Black "Van der Tuin, Tristan"]
[Result "1-0"]
[ECO "C02"]
[WhiteElo "1433"]
[BlackElo "1238"]
[Annotator "NA"]
[PlyCount "113"]
[EventDate "2019.08.05"]
[EventType "swiss"]
[EventCountry "NED"]
[SourceTitle "playchess.com"]
[Source "ChessBase"]
[SourceQuality "1"]
[TimeControl "5400+30"]

1. e4 e6 2. d4 d5 3. e5 c5 4. c3 Nc6 5. Nf3 Qb6 6. a3 Bd7 7. b4 c4 8. Be2 f6 9. Bf4 Be7 10. O-O Bd8 11. a4 a5 12. b5 Na7 13. Bc1 fxe5 14. Nxe5 Qd6 15. Ba3 Qc7 16. Qc2 Nf6 17. Nd2 Nc8 18. Qd1 Nd6 19. Bh5+ Ke7 20. Re1 g6 21. Bxg6 Rg8 22. Bxh7 Nxh7 23. Bxd6+ Qxd6 24. Qh5 Ng5 25. f4 Be8 26. Qh4 Kf8 27. Qh6+ Rg7 28. fxg5 Bxg5 29. Rf1+ Kg8 30. Qh3 Bxd2 31. Ra2 Bg5 32. Raf2 Qe7 33. Rf8+ Qxf8 34. Rxf8+ Kxf8 35. Qh8+ Rg8 36. Qh7 Bf4 37. Qxb7 Rd8 38. Qb6 Rc8 39. Qxe6 Rc7 40. Qf6+ Bf7 41. Qd8+ Kg7 42. Qxc7 Bxe5 43. Qxe5+ Kg6 44. Qd6+ Kg7 45. Qc7 Kf6 46. Qxa5 Kf5 47. Qc7 Kg6 48. b6 Re8 49. b7 Re1+ 50. Kf2 Rc1 51. Qg3+ Kf5 52. Qf3+ Kg6 53. b8=Q Rc2+ 54. Kg3 Be6 55. Qe8+ Kg7 56. Qff8+ Kh7 57. Qh5# 1-0

[Event "ONJK-C 2019"]
[Site "Borne"]
[Date "2019.08.07"]
[Round "4.1"]
[White "Boeren, Jurriaan"]
[Black "Klugstedt, Vincent"]
[Result "0-1"]
[ECO "B34"]
[WhiteElo "1522"]
[BlackElo "1850"]
[Annotator "NA"]
[PlyCount "102"]
[EventDate "2019.08.05"]
[EventType "swiss"]
[EventCountry "NED"]
[SourceTitle "playchess.com"]
[Source "ChessBase"]
[SourceQuality "1"]
[TimeControl "5400+30"]

1. e4 c5 2. Nf3 Nc6 3. d4 cxd4 4. Nxd4 g6 5. Nxc6 bxc6 6. Qd4 Nf6 7. e5 Nh5 8. g4 Ng7 9. Bc4 d5 10. exd6 Qxd6 11. Qxd6 exd6 12. h3 d5 13. Be2 Bd6 14. Nd2 h5 15. Rg1 hxg4 16. Bxg4 Bxg4 17. hxg4 Kd7 18. Nb3 Rae8+ 19. Be3 Bf4 20. Kd2 Rh2 21. Kd3 Bxe3 22. fxe3 Ne6 23. Raf1 Ng5 24. Nc5+ Kc7 25. a3 Rh3 26. Ke2 Rhxe3+ 27. Kd1 Rh3 28. Re1 Rxe1+ 29. Rxe1 Rg3 30. Nd3 Rxg4 31. Re7+ Kd6 32. Rxa7 Rg1+ 33. Ke2 Rg2+ 34. Kd1 f5 35. a4 Ne6 36. b4 Nc7 37. a5 g5 38. Rb7 f4 39. Rb8 f3 40. Rf8 g4 41. Rf6+ Kd7 42. Rf7+ Kd6 43. Rf6+ Kd7 44. Rf7+ Kd8 45. Rf8+ Ke7 46. Rf4 Ne6 47. Rf5 Nd4 48. a6 Nxf5 49. a7 Rg1+ 50. Kd2 Rg2+ 51. Kd1 Nd6 0-1

[Event "ONJK-C 2019"]
[Site "Borne"]
[Date "2019.08.07"]
[Round "4.2"]
[White "De Jong, Mats"]
[Black "De Rycke, Tyani"]
[Result "0-1"]
[ECO "D35"]
[WhiteElo "1356"]
[BlackElo "1787"]
[Annotator "NA"]
[PlyCount "48"]
[EventDate "2019.08.05"]
[EventType "swiss"]
[EventCountry "NED"]
[SourceTitle "playchess.com"]
[Source "ChessBase"]
[SourceQuality "1"]
[TimeControl "5400+30"]

1. d4 d5 2. c4 e6 3. Nc3 Nf6 4. Bf4 dxc4 5. e3 Nd5 6. Bxc4 Nxf4 7. exf4 Bd6 8. Nge2 Qf6 9. Qd2 Nd7 10. O-O O-O 11. Ne4 Qe7 12. Nxd6 Qxd6 13. Rfe1 Nf6 14. Nc3 b6 15. Rad1 Bb7 16. Re5 Bxg2 17. Kxg2 Qc6+ 18. Bd5 Nxd5 19. Nxd5 exd5 20. Rc1 Qd6 21. Rc3 f6 22. Rh5 f5 23. Re3 h6 24. Re5 Qg6+ 0-1

[Event "ONJK-C 2019"]
[Site "Borne"]
[Date "2019.08.07"]
[Round "4.3"]
[White "Kumar, Prajit Sai"]
[Black "Malfliet, Alexander"]
[Result "1/2-1/2"]
[ECO "D12"]
[WhiteElo "1574"]
[BlackElo "1491"]
[Annotator "NA"]
[PlyCount "41"]
[EventDate "2019.08.05"]
[EventType "swiss"]
[EventCountry "NED"]
[SourceTitle "playchess.com"]
[Source "ChessBase"]
[SourceQuality "1"]
[TimeControl "5400+30"]

1. d4 d5 2. c4 e6 3. cxd5 exd5 4. Nf3 Nf6 5. Nc3 c6 6. e3 Bf5 7. Bd3 Bg6 8. Qc2 Bd6 9. Bd2 O-O 10. O-O Qc7 11. Rac1 Nbd7 12. Bxg6 hxg6 13. Nb5 Qb8 14. Nxd6 Qxd6 15. a3 a5 16. Bc3 Ne4 17. Nd2 Nxd2 18. Qxd2 Qc7 19. f3 Nf6 20. Rfe1 Rfe8 21. Qd3 1/2-1/2

[Event "ONJK-C 2019"]
[Site "Borne"]
[Date "2019.08.07"]
[Round "4.4"]
[White "Goudriaan, Rafael"]
[Black "Tiggelman, Vincent"]
[Result "1-0"]
[ECO "B11"]
[WhiteElo "1719"]
[BlackElo "1358"]
[Annotator "NA"]
[PlyCount "82"]
[EventDate "2019.08.05"]
[EventType "swiss"]
[EventCountry "NED"]
[SourceTitle "playchess.com"]
[Source "ChessBase"]
[SourceQuality "1"]
[TimeControl "5400+30"]

1. e4 c6 2. Nf3 d5 3. Nc3 Bg4 4. exd5 Bxf3 5. Qxf3 Nf6 6. dxc6 Nxc6 7. Bb5 Rc8 8. d3 e6 9. Bg5 Be7 10. O-O O-O 11. Rad1 Qb6 12. Be3 Bc5 13. Bxc5 Qxc5 14. Bxc6 Qxc6 15. Qxc6 Rxc6 16. Rfe1 Rd8 17. Re5 Rb6 18. Rb5 Rdd6 19. Rxb6 Rxb6 20. Na4 Ra6 21. Nc3 Rb6 22. Rb1 Nd7 23. Ne4 Ne5 24. Nc5 Rb5 25. Nb3 Nc6 26. c3 a5 27. d4 b6 28. Nd2 a4 29. c4 Ra5 30. Nf3 g5 31. h3 h5 32. Rd1 Nb4 33. a3 Na6 34. Ne5 Nc7 35. Nc6 Ra8 36. d5 exd5 37. cxd5 Kf8 38. d6 Ne6 39. Rd5 Rc8 40. Nb4 Ke8 41. d7+ Kf8 1-0

[Event "ONJK-C 2019"]
[Site "Borne"]
[Date "2019.08.07"]
[Round "4.5"]
[White "Wierenga, Jael"]
[Black "Neisingh, Nils"]
[Result "1/2-1/2"]
[ECO "A70"]
[WhiteElo "1469"]
[BlackElo "1710"]
[Annotator "NA"]
[PlyCount "49"]
[EventDate "2019.08.05"]
[EventType "swiss"]
[EventCountry "NED"]
[SourceTitle "playchess.com"]
[Source "ChessBase"]
[SourceQuality "1"]
[TimeControl "5400+30"]

1. d4 Nf6 2. c4 c5 3. d5 e6 4. Nc3 exd5 5. cxd5 d6 6. e4 g6 7. Nf3 Bg7 8. g3 O-O 9. Bg2 Re8 10. Nd2 a6 11. a4 Ng4 12. O-O Qc7 13. Nc4 Ne5 14. Qb3 Nxc4 15. Qxc4 Nd7 16. f4 Nf6 17. h3 Bd7 18. Bd2 Qb6 19. Rab1 Qb4 20. b3 a5 21. Rfc1 Rab8 22. Qe2 Qb6 23. Re1 Nh5 24. Qf3 Bd4+ 25. Kh1 1/2-1/2

[Event "ONJK-C 2019"]
[Site "Borne"]
[Date "2019.08.07"]
[Round "4.6"]
[White "De Vries, Fabian"]
[Black "Den Heijer, Rolinde"]
[Result "1-0"]
[ECO "D37"]
[WhiteElo "1704"]
[BlackElo "1471"]
[Annotator "NA"]
[PlyCount "67"]
[EventDate "2019.08.05"]
[EventType "swiss"]
[EventCountry "NED"]
[SourceTitle "playchess.com"]
[Source "ChessBase"]
[SourceQuality "1"]
[TimeControl "5400+30"]

1. d4 Nf6 2. c4 e6 3. Nc3 d5 4. Nf3 h6 5. Bf4 Bb4 6. e3 Ne4 7. Qa4+ Nc6 8. Rc1 O-O 9. cxd5 exd5 10. Bd3 Bxc3+ 11. bxc3 Re8 12. O-O Bg4 13. Ne5 Nxe5 14. Bxe5 Bd7 15. Qc2 Qg5 16. Bf4 Qd8 17. c4 Bc6 18. Rfe1 Nf6 19. f3 Re7 20. Be5 dxc4 21. Bxc4 Nd7 22. Bg3 Nb6 23. Bh4 g5 24. Qg6+ Kf8 25. Qxh6+ Ke8 26. Bxg5 Nxc4 27. Bxe7 Kxe7 28. Qg5+ f6 29. Qg7+ Ke6 30. Rxc4 Qd5 31. Rec1 Kd6 32. Qxf6+ Kd7 33. e4 Qh5 34. Rxc6 {[%emt 0:01:43] Ke7} 1-0

[Event "ONJK-C 2019"]
[Site "Borne"]
[Date "2019.08.07"]
[Round "4.7"]
[White "Vleming, Annabel"]
[Black "Smeets, Kobe"]
[Result "0-1"]
[ECO "E90"]
[WhiteElo "1334"]
[BlackElo "1666"]
[Annotator "NA"]
[PlyCount "52"]
[EventDate "2019.08.05"]
[EventType "swiss"]
[EventCountry "NED"]
[SourceTitle "playchess.com"]
[Source "ChessBase"]
[SourceQuality "1"]
[TimeControl "5400+30"]

1. d4 Nf6 2. c4 g6 3. Nc3 Bg7 4. Nf3 O-O 5. e4 d6 6. Bd3 e5 7. O-O Nc6 8. Bc2 Nd7 9. Be3 a5 10. Qd2 f5 11. Bh6 f4 12. Bxg7 Kxg7 13. g3 g5 14. h4 g4 15. Ng5 Nb6 16. Nd5 Nxd5 17. exd5 Nxd4 18. Be4 h6 19. Nh7 Rf7 20. Qd3 Bf5 21. gxf4 Bxe4 22. Qxe4 Rxf4 23. Qd3 Qxh4 24. Qg3 Ne2+ 25. Kg2 Nxg3 26. fxg3 Qh3+ 0-1

[Event "ONJK-C 2019"]
[Site "Borne"]
[Date "2019.08.07"]
[Round "4.8"]
[White "De Heij, Mees"]
[Black "Van Doren, Frodo"]
[Result "1-0"]
[ECO "C50"]
[WhiteElo "1617"]
[BlackElo "1433"]
[Annotator "NA"]
[PlyCount "105"]
[EventDate "2019.08.05"]
[EventType "swiss"]
[EventCountry "NED"]
[SourceTitle "playchess.com"]
[Source "ChessBase"]
[SourceQuality "1"]
[TimeControl "5400+30"]

1. e4 e5 2. Nf3 Nc6 3. Nc3 Bc5 4. Bc4 Nf6 5. d3 h6 6. O-O d6 7. h3 O-O 8. Be3 Bb6 9. Qd2 Re8 10. Nd5 Nxd5 11. Bxd5 Ne7 12. Bb3 Ng6 13. Kh1 Qf6 14. Qe2 Nf4 15. Bxf4 Qxf4 16. Nh2 c6 17. Qf3 Qxf3 18. Nxf3 Be6 19. c3 Rad8 20. Bxe6 Rxe6 21. Rad1 d5 22. exd5 cxd5 23. Kg1 f6 24. Rfe1 Red6 25. g4 g5 26. Kg2 Kf7 27. Nd2 e4 28. d4 Bc7 29. Nf1 Ra6 30. a3 Bf4 31. Re2 Kg6 32. Ng3 Bxg3 33. Kxg3 Rf8 34. c4 f5 35. gxf5+ Kxf5 36. cxd5 Rd6 37. Rde1 Rxd5 38. Rxe4 Rfd8 39. Re5+ Rxe5 40. Rxe5+ Kf6 41. Re4 Kf5 42. Kf3 Rd6 43. Re5+ Kf6 44. Ke4 Rb6 45. b4 Ra6 46. Ra5 Re6+ 47. Kd3 a6 48. Rd5 Ke7 49. Re5 Rxe5 50. dxe5 b5 51. Kd4 h5 52. f3 Ke6 53. Ke4 {[%emt 0:28:38] Kd5+} 1-0